 Dungeon Crawl Stone Soup version 0.31-a0-121-g1e386dd289 (webtiles) character file.

Game seed: 12143892534056290196

28 Iich the Trooper (level 3, 29/29 HPs)
             Began as a Demonspawn Fighter on May 31, 2023.
             Got out of the dungeon alive.
             The game lasted 00:01:17 (599 turns).

Iich the Trooper (Demonspawn Fighter)                Turns: 599, Time: 00:01:17

Health: 29/29      AC:  6    Str: 16    XL:     3   Next: 0%
Magic:  3/3        EV:  8    Int:  9    God:
Gold:   72         SH:  5    Dex: 14    Spells: 2/2 levels left

rFire   + . .        a - +0 war axe
rCold   . . .        c - +1 buckler
rNeg    . . .        b - +0 scale mail
rPois   .            (helmet restricted)
rElec   .            (no cloak)
rCorr   .            (no gloves)
SInv    +            (no boots)
Will    .....        (no amulet) Stlth
                     S - ring of see invisible
HPRegen 0.24/turn    F - ring of protection from fire
MPRegen 0.08/turn

%: no passive effects
@: no status effects
A: horns 1, powered by pain 1
a: no special abilities


You escaped.
You visited 1 branch of the dungeon, and saw 2 of its levels.

You collected 72 gold pieces.

Inventory:

Hand Weapons
 a - a +0 war axe (weapon)
Armour
 b - a +0 scale mail (worn)
 c - a +1 buckler (worn)
Jewellery
 C - a ring of resist corrosion
 F - a ring of protection from fire (right hand)
 S - a ring of see invisible (left hand)
Scrolls
 e - 2 scrolls of enchant armour
 f - a scroll of vulnerability
 h - a scroll of immolation
 j - a scroll of fog
 l - a scroll of silence {unknown}
 m - a scroll of brand weapon {unknown}
Potions
 d - a potion of might
 g - a potion of enlightenment {unknown}
 i - a potion of magic {unknown}
 k - a potion of mutation {unknown}


   Skills:
 + Level 3.4 Fighting
 * Level 2.7 Axes
 - Level 2.6 Armour
 - Level 2.6 Shields


You had 2 spell levels left.
You didn't know any spells.
Your spell library was empty.

Dungeon Overview and Level Annotations

Branches:
Dungeon (2/15)

Altars:


Innate Abilities, Weirdness & Mutations

You have a pair of small horns on your head.
You sometimes gain a little power by taking damage.


Message History

No target in view!
No target in view!
You see here an adder corpse.
Found a trident.
m - a scroll labelled VAPHIA QE CEVU You now have 72 gold pieces (gained 19).
You see here a scroll of vulnerability.
Found a dagger.
A ball python comes into view.
The ball python hisses angrily.
A ball python is nearby!
You barely miss the ball python. The ball python barely misses you.
The ball python grabs you. The ball python constricts you.
You take 1 damage, and have 23/24 hp.
You hit the ball python.
You kill the ball python!
You have reached level 3!
Your experience leads to an increase in your attributes!
Increase (s)trength, (i)ntelligence, or (d)exterity?
You feel agile. x2; Your demonic ancestry asserts itself...
A pair of horns grows on your head!
You regained 5 hp, and now have 28/29 hp.
MP restored: 3 Save game and exit?
Okay, then.
Unknown command.
Unknown command.
(D) Dungeon
Where to? (Enter - D:2, ? - help)
What level of the Dungeon? (default 1, ? - help)
You see here a scroll of vulnerability.
Found a robe.
There is a stone staircase leading up here.
You climb upwards.
There is a stone staircase leading down here.
There is an open door here.
There is a staircase leading out of the dungeon here.
Health restored: 29 Are you sure you want to leave the Dungeon?
This will make you lose the game!
You have escaped!

#.# #.##...##..# ##)## #.#
#.##...##..# #..# #.#
#..#'####..# #.## #.#
##....####..# #.#
##.###..#...).##'#####.###
#....#.###.......#........
#....#.#####'#.....###.###
#....#.##....#'#..####.#
#.......#@..)+.####....#
#....#.)###########.#### #
######.#..######.#..# ####
#.##..........####...
#.#####..##.###....## #.#
###....>>....... ###.#
##...###.#^.####. #...#
#..### #.#.## #.
#.#####.######...######


There were no monsters in sight!

Vanquished Creatures
  An adder (D:2)
  A worm (D:2)
  A dart slug (D:1)
  3 ball pythons
  An endoplasm (D:1)
  A goblin (D:1)
  A quokka (D:1)
  3 bats (D:1)
  3 frilled lizards (D:1)
  2 kobolds (D:1)
17 creatures vanquished.

Notes
Turn   | Place    | Note
-------+----------+-------------------------------------------
     0 | D:1      | Iich the Demonspawn Fighter began the quest for the Orb.
     0 | D:1      | Reached XP level 1. HP: 18/18 MP: 1/1
   100 | D:1      | Found a faded altar of an unknown god.
   110 | D:1      | Gained mutation: You sometimes gain a little power by
                  | taking damage. [demonic ancestry]
   110 | D:1      | Reached XP level 2. HP: 24/24 MP: 2/2
   554 | D:2      | Gained mutation: You have a pair of small horns on your
                  | head. [demonic ancestry]
   554 | D:2      | Reached XP level 3. HP: 28/29 MP: 3/3
   599 | D:$      | Got out of the dungeon alive.

Illustrated notes

Levels and vault maps discovered:
D:1:      dpeg_arrival_short_road, layout_rooms, ebering_ecumenical_altar_webs
D:2:      layout_loops_ring

Skill      XL: |  1 |
---------------+----+-----
Axes           | 2 |  2.7
Fighting       | |  3.4
Armour         | |  2.6
Shields        | |  2.6

Action                     || total
---------------------------++-------
  Melee: War axe           ||    61
    Use: Scroll            ||     4
 Armour: Scale mail        ||    31
  Dodge: Dodged            ||    39
  Block: Buckler           ||    12

Table legend: (Time is in decaauts)
 A = Elapsed time spent in this place.
 B = Non-inter-level travel time spent in this place.
 C = Inter-level travel time spent in this place.
 D = Time resting spent in this place.
 E = Time spent auto-exploring this place.
 F = Levels seen in this place.
 G = Mean time per level.
                   A        B        C        D        E       F      G
               +--------+--------+--------+--------+--------+-----+--------+
         Total |    623 |    570 |     53 |      0 |    406 |   2 |  311.5 |
       Dungeon |    623 |    570 |     53 |      0 |    406 |   2 |  311.5 |
               +--------+--------+--------+--------+--------+-----+--------+

Top non-repeatable levels by time:
     D:1: 496 daAuts
     D:2: 127 daAuts
